 Dungeon Sprint DCSS version 0.25-a0-258-g6d7e32a812 (webtiles) character file.

Game seed: 15197579337877260393, levelgen mode: deterministic

0 MordorOrchid the Ruffian (level 2, -2/23 HPs)
             Began as a Draconian Transmuter on Dec 6, 2019.
             Was an Initiate of Gozag.
             Slain by an adder (3 damage)
             ... in the Dungeon (Sprint VI: "Thunderdome").
             The game lasted 00:00:50 (67 turns).

MordorOrchid the Ruffian (Draconian Transmuter)       Turns: 67, Time: 00:00:51

Health: -2/23      AC:  4    Str: 12    XL:     2   Next: 89%
Magic:  4/6        EV: 12    Int: 13    God:    Gozag
Gold:   281        SH:  0    Dex: 11    Spells: 6/7 levels left

rFire    . . .     SeeInvis .     - Unarmed
rCold    . . .     Gourm    .   (no shield)
rNeg     . . .     Faith    .   (armour unavailable)
rPois    .         Spirit   .   (helmet restricted)
rElec    .         Reflect  .   (no cloak)
rCorr    .         Harm     .   (no gloves)
MR       .....     NoTele   +   (no boots)
Stlth    +.........             (no amulet)
HPRegen  0.07/turn              (no ring)
MPRegen  0.10/turn              (no ring)

@: lethally poisoned (-2 -> -5), appendage (expiring)
A: unfitting armour, horns 2, cold-blooded, AC +4
a: End Transformation, Potion Petition, Call Merchant, Bribe Branch, Renounce
Religion


You were in the Dungeon.
You worshipped Gozag.
Gozag was aware of your devotion.
You were not hungry.
You had grown temporary horns.
You visited 1 branch You collected 281 gold pieces.

Inventory:

Missiles
 a - 12 arrows
Wands
 b - a wand of acid (4)
 j - a wand of iceblast (5)
Scrolls
 i - 4 scrolls of blinking
 k - 3 scrolls of fog
Potions
 e - 4 potions of heal wounds
 f - 4 potions of haste
 g - 2 potions of magic
 h - a potion of berserk rage
 l - 2 potions of resistance
Comestibles
 c - a ration


   Skills:
 + Level 1.1 Fighting
 + Level 2.5 Dodging
 + Level 0.4 Stealth
 + Level 5.1 Unarmed Combat
 + Level 3.0 Spellcasting
 + Level 2.8 Transmutations


You had 6 spell levels left.
You knew the following spells:

 Your Spells              Type           Power        Failure   Level  Hunger
a - Beastly Appendage     Tmut           #.....       7%          1    #......

Your spell library contained the following spells:

 Spells                   Type           Power        Failure   Level  Hunger
 Sticks to Snakes         Tmut           #.......     11%         2    ###....
 Spider Form              Tmut/Pois      #.........   36%         3    ###....
 Ice Form                 Ice/Tmut       #.......     77%         4    #####..
 Blade Hands              Tmut           #.........   89%         5    ######.


Dungeon Overview and Level Annotations

Branches:
Dungeon (1/1)

Altars:
Cheibriados
Dithmenos
Fedhas
Gozag
Kikubaaqudgha
Makhleb
Okawaru
Qazlal
Ru
Sif Muna
Trog
Uskayaw
Vehumet
Wu Jian
Xom
Yredelemnul
Zin
The Shining One
Beogh
Jiyva
Lugonu

Shops:
D %??*?*:[((!!!!


Innate Abilities, Weirdness & Mutations

Your plain brown scales are hard. (AC +4)
You cannot fit into any form of body armour.
You are cold-blooded and may be slowed by cold attacks.
You have a pair of horns on your head.


Message History

Unknown command.
You feel better. The adder bites you but does no damage. The adder bites you.
The adder bites you but does no damage.
You hit the adder but do no damage.
The adder is severely wounded.
The adder misses you. The adder closely misses you. x2
You hit the adder but do no damage.
The adder is severely wounded.
The adder bites you.
* * * LOW HITPOINT WARNING * * *
The adder barely misses you.
Unknown command.
You miss the adder.
The adder is severely wounded.
The adder bites you.
* * * LOW HITPOINT WARNING * * *
You are lethally poisoned!
The adder poisons you! The adder bites you.
You die...
Your body crumbles into a pile of gold.

........8.# #.8........∩
..........###...........
.......###...###........
....... #.<.# #........
.......###...###........
..........###...........
........8.# #.8........∩
∩_._..S...###......___∩#
#####.8@S....)..8.######
#⌠...........⌠#
###.........###
#_......._# #_......._#
#........_# #∩.......∩#
##∩.....∩##


You could see 2 adders.

Vanquished Creatures
  Terence (D)
  A bat (D)
2 creatures vanquished.

Notes
Turn   | Place    | Note
-------+----------+-------------------------------------------
     0 | D        | MordorOrchid the Draconian Transmuter began the quest for
                  | the Orb.
     0 | D        | Reached XP level 1. HP: 16/16 MP: 3/3
     1 | D        | Found a hide-covered altar of Uskayaw.
     1 | D        | Found a shimmering altar of Xom.
     2 | D        | Found a shimmering blue altar of Sif Muna.
     2 | D        | Found a viscous altar of Jiyva.
     3 | D        | Found a sacrificial altar of Ru.
     3 | D        | Found a stormy altar of Qazlal.
     4 | D        | Found Kogg's Delicious Food.
     4 | D        | Found an ancient bone altar of Kikubaaqudgha.
     4 | D        | Found Poxih's Identification Station.
     5 | D        | Found a glowing silver altar of Zin.
     5 | D        | Round 1.
     6 | D        | Found a blossoming altar of Fedhas.
     6 | D        | Found a snail-covered altar of Cheibriados.
     6 | D        | Found a radiant altar of Vehumet.
     6 | D        | Found Joaguwun's Magic Scroll Shop.
     6 | D        | Found Sicetz's Staff Store.
     7 | D        | Found Nedob's Magic Scroll Shop.
     7 | D        | Found Kogeun's Must-Have Magic.
    10 | D        | Found a shadowy altar of Dithmenos.
    11 | D        | Found a glowing golden altar of the Shining One.
    13 | D        | Found Tonet's Distillery.
    13 | D        | Found an iron altar of Okawaru.
    13 | D        | Found a burning altar of Makhleb.
    13 | D        | Found an opulent altar of Gozag.
    13 | D        | Found Hagreil's Do-It-Yourself Clinic.
    14 | D        | Found Icagokh's Distillery.
    14 | D        | Found Peimuef's Bottled Wisdom.
    17 | D        | Found a bloodstained altar of Trog.
    21 | D        | Became a worshipper of Gozag Ym Sagoz the Greedy
    25 | D        | Found an ornate altar of the Wu Jian Council.
    26 | D        | Found a corrupted altar of Lugonu.
    26 | D        | Found Saur's Weapon Rack.
    34 | D        | Noticed Terence
    41 | D        | Found a roughly hewn altar of Beogh.
    41 | D        | Found a basalt altar of Yredelemnul.
    41 | D        | Found Udukkym's Premium Goods.
    41 | D        | Found Havvudye's Basic Armour.
    41 | D        | Found Xoipeal's Miscellaneous Merchandise.
    43 | D        | Killed Terence
    43 | D        | Reached skill level 5 in Unarmed Combat
    43 | D        | Reached XP level 2. HP: 23/23 MP: 3/6
    67 | D        | HP: 1/23 [adder (3)]
    67 | D        | Slain by an adder

Levels and vault maps discovered:
D:        arena_sprint

Skill      XL: |  1 |
---------------+----+-----
Dodging        | 2 |  2.5
Unarmed Combat | 5 |  5.1
Spellcasting   | 3 |  3.0
Fighting       | |  1.1
Stealth        | |  0.4
Transmutations | |  2.8

Action                   || total
-------------------------++-------
Melee: Unarmed           ||    20
       Headbutt          ||     2
 Cast: Beastly Appendage ||     3
Evoke: Wand              ||     1
  Use: Potion            ||     1
 Stab: Distracted        ||     1
Armor: Skin              ||    14
Dodge: Dodged            ||    17

Table legend:
 A = Non-vault XP
 B = Vault XP
 C = Vault XP percentage of total XP
 D = Non-vault monster count
 E = Vault monster count
 F = Vault count percentage of total count
                 A         B        C        D         E       F
            +---------+---------+-------+---------+---------+-------
      Total |      38 |       0 |   0.0 |       2 |       0 |   0.0
            +---------+---------+-------+---------+---------+-------
          D |      38 |       0 |   0.0 |       2 |       0 |   0.0
            +---------+---------+-------+---------+---------+-------
